 Dungeon Crawl Stone Soup version 0.18.1-8-gdd0e5ea (webtiles) character file.

622 KrisztiCat the Destroyer (level 7, 0/36 HPs)
             Began as a Deep Elf Conjurer on June 5, 2016.
             Was an Initiate of Vehumet.
             Slain by Edmund
             ... wielding a +1 flail of distortion
              (17 damage)
             ... on level 4 of the Dungeon.
             The game lasted 00:36:30 (4123 turns).

KrisztiCat the Destroyer (Deep Elf Conjurer)        Turns: 4123, Time: 00:36:30

Health: 0/36       AC:  7    Str:  6    XL:     7   Next: 22%
Magic:  1/13       EV: 16    Int: 20    God:    Vehumet [......]
Gold:   229        SH:  4    Dex: 21    Spells: 3 memorised, 4 levels left

rFire  . . .     SeeInvis +     v - +2 dagger (speed)
rCold  + . .     Gourm    .     z - +1 robe {rC+}
rNeg   . . .     Faith    .     r - +0 buckler
rPois  .         Spirit   .     h - +2 helmet
rElec  .         Dismiss  .     (no cloak)
rCorr  .         Reflect  .     A - +0 pair of gloves
SustAt .         Harm     .     (no boots)
MR     .....                    (no amulet)
Stlth  ++........               t - ring "Hemmaybb" {*Contam EV+3 Str-5 Dex+6 SInv}
                                y - +4 ring of strength

@: not resistant to hostile enchantments, unstealthy
A: no striking features
a: Renounce Religion


You were on level 4 of the Dungeon.
You worshipped Vehumet.
Vehumet was noncommittal.
You were hungry.

You visited 2 branches of the dungeon, and saw 6 of its levels.

You collected 229 gold pieces.

Inventory:

Hand Weapons
 v - a +2 dagger of speed (weapon)
Missiles
 x - 2 javelins of returning (quivered)
Armour
 a - a +1 robe
 h - a +2 helmet (worn)
 r - a +0 buckler (worn)
 z - a +1 robe of cold resistance (worn)
 A - a +0 pair of gloves (worn)
Jewellery
 g - an uncursed ring of sustain attributes
 t - the ring "Hemmaybb" (right hand) {*Contam EV+3 Str-5 Dex+6 SInv}
   (You found it on level 3 of the Dungeon)

   [ring of evasion]

   It affects your evasion (+3).
   It affects your strength (-5).
   It affects your dexterity (+6).
   It lets you see invisible.
   It causes magical contamination when unequipped.
 y - a +4 ring of strength (left hand)
Wands
 w - a wand of polymorph (10/24)
Scrolls
 i - 3 scrolls of identify {unknown}
 k - 4 scrolls of remove curse
 n - a scroll of teleportation {unknown}
 B - a scroll of fear {unknown}
Potions
 d - a potion of curing {unknown}
 e - a potion of heal wounds {unknown}
 l - a potion of might {unknown}
 m - a potion of degeneration {unknown}
 p - 2 potions of resistance {unknown}
 q - a potion of cure mutation {unknown}
 s - 2 potions of agility {unknown}
 u - a potion of lignification {unknown}
 C - a potion of mutation {unknown}
Books
 b - a book of Conjurations

   Spells                             Type                      Level
   a - Magic Dart                     Conjuration                  1
   b - Searing Ray                    Conjuration                  2
   c - Dazzling Spray                 Conjuration/Hexes            3
   d - Fulminant Prism                Conjuration/Hexes            4
   e - Iskenderun's Mystic Blast      Conjuration                  4
   f - Iskenderun's Battlesphere      Conjuration/Charms           5
Comestibles
 c - 3 bread rations
 f - 2 meat rations
 j - a royal jelly
 o - 5 chunks of flesh


   Skills:
 - Level 2.4 Dodging
 - Level 2.4 Stealth
 - Level 3.0 Spellcasting
 + Level 9.6 Conjurations


You had 4 spell levels left.
You knew the following spells:

 Your Spells              Type           Power        Failure   Level  Hunger
a - Magic Dart            Conj           ####         1%          1    None
b - Searing Ray           Conj           #####.       1%          2    ##.....
c - Iskenderun's Battles  Conj/Chrm      ###.....     86%         5    ######.


Dungeon Overview and Level Annotations

Branches:
Dungeon (5/15)             Temple (1/1) D:4

Altars:
Ashenzari
Cheibriados
Elyvilon
Gozag
Makhleb
Okawaru
Pakellas
Qazlal
Ru
Sif Muna
Trog
Vehumet
Yredelemnul
Zin
The Shining One

Annotations:
D:4 Edmund


Message History

Edmund says, "I'm quite good with sums, too."
Casting: Searing Ray
Confirm with . or Enter, or press ? or * to list all spells.
Aiming: Searing Ray
Press: ? - help, Shift-Dir - straight line, f/p - Edmund
Aim: Edmund, wielding a flail of distortion and wearing a chain mail (moderately wounded)
The searing ray hits Edmund.
Edmund is heavily wounded.
The searing ray hits Edmund.
Edmund is heavily wounded.
Edmund hits you but does no damage. Space warps horribly around you!
The searing ray hits Edmund.
Edmund is heavily wounded.
You are feeling hungry.
Edmund hits you with a flail of distortion.
Your surroundings seem slightly different.
Found 3 curare-tipped needles.
Edmund grinds his teeth, and then sighs.
Edmund hits you but does no damage. Space warps horribly around you!
You die...

#...... ##(..... #.......
#....... ############
#####....... #....[.....#
#......).... #....(.....#
#........... #..........#
#.>..#...... #.......@@.#
###.........
#..(.......######.###.....
#..............##.###.#...
#............#.##.........
#..........#.#.@....<.....
#..........#.####.........
#..........#.####.........
############...........#..
###...###......


You could see Edmund.

Vanquished Creatures
  An ogre (D:4)
  A phantom (D:4)
  Ijyb (D:2)
  Terence (D:3)
  6 orc wizards (D:4)
  3 worker ants (D:4)
  Robin (D:3)
  4 gnolls (D:3)
  3 adders
  An adder skeleton (D:4)
  3 worms (D:2)
  3 dart slugs
  A giant gecko (D:2)
  12 orcs
  2 giant cockroaches
  10 goblins
  7 hobgoblins
  5 kobolds
  A quokka (D:2)
  8 bats
  A giant newt (D:2)
  3 rats
78 creatures vanquished.

Vanquished Creatures (others)
  A quokka (D:2)
  A bat (D:2)
2 creatures vanquished.

Grand Total: 80 creatures vanquished

Notes
Turn   | Place    | Note
--------------------------------------------------------------
     0 | D:1      | KrisztiCat the Deep Elf Conjurer began the quest for the Orb.
     0 | D:1      | Reached XP level 1. HP: 10/10 MP: 6/6
   298 | D:1      | Reached XP level 2. HP: 4/15 MP: 1/8
   357 | D:1      | Reached skill level 5 in Conjurations
   975 | D:2      | Reached XP level 3. HP: 19/19 MP: 2/9
  1108 | D:2      | Learned a level 2 spell: Searing Ray
  1309 | D:2      | Found a white marble altar of Elyvilon.
  1358 | D:2      | Noticed Ijyb
  1380 | D:2      | Killed Ijyb
  1380 | D:2      | Reached skill level 6 in Conjurations
  1380 | D:2      | Reached XP level 4. HP: 24/24 MP: 4/10
  1495 | D:2      | Found a deep blue altar of Sif Muna.
  1934 | D:4      | Noticed an ogre
  1958 | D:3      | Noticed Robin
  1964 | D:3      | Killed Robin
  2061 | D:3      | Found a snail-covered altar of Cheibriados.
  2142 | D:3      | Reached skill level 7 in Conjurations
  2142 | D:3      | Reached XP level 5. HP: 23/28 MP: 0/11
  2477 | D:4      | Killed an ogre
  2477 | D:4      | Reached skill level 8 in Conjurations
  2477 | D:4      | Reached XP level 6. HP: 18/32 MP: 5/12
  2555 | D:5      | Entered Level 5 of the Dungeon
  2555 | D:5      | Found a stormy altar of Qazlal.
  2594 | D:3      | Got a brightly glowing bronze ring
  2595 | D:3      | Identified the ring "Hemmaybb" {*Contam EV+3 Str-5 Dex+6 SInv} (You found it on level 3 of the Dungeon)
  2653 | D:3      | Learned a level 5 spell: Iskenderun's Battlesphere
  2786 | D:3      | Noticed Terence
  2790 | D:3      | Killed Terence
  3102 | D:4      | Reached skill level 9 in Conjurations
  3444 | D:4      | Reached XP level 7. HP: 30/36 MP: 6/13
  3527 | D:4      | Found a staircase to the Ecumenical Temple.
  3536 | Temple   | Entered the Ecumenical Temple
  3540 | Temple   | Became a worshipper of Vehumet
  4075 | D:4      | Noticed Edmund
  4123 | D:4      | Slain by Edmund

Skill      XL: |  1  2  3  4  5  6 |
---------------+-------------------+-----
Conjurations   | 5 6 7 8 9 |  9.6
Dodging        | |  2.4
Stealth        | |  2.4
Spellcasting   | |  3.0

Action                   |  1- 3 |  4- 6 |  7- 9 || total
-------------------------+-------+-------+-------++-------
Melee: Short sword       |    10 |       |       ||    10
       Dagger            |       |    34 |     9 ||    43
 Cast: Magic Dart        |    68 |    73 |    14 ||   155
       Searing Ray       |       |    15 |     8 ||    23
  Use: Scroll            |     2 |       |       ||     2
 Stab: Sleeping          |       |     1 |       ||     1
  Eat: Chunk             |     1 |     4 |     2 ||     7
       Beef jerky        |       |     2 |       ||     2
Armor: Robe              |     6 |    12 |     7 ||    25
Dodge: Dodged            |    22 |    36 |    13 ||    71
Block: Buckler           |       |     8 |     2 ||    10
